cohdb
Replays
Latest Replays
All Replays
Popular Replays
Top Player Replays
Match Explorer
How It Works
Community
CoH3 Stats
Reddit
Sign in to upload your games and track your stats! →
Sign in with Steam
Match 45129699
Unlisted
Match 45129699
Overview
Messages
Build Orders
End
Selects Armored Battlegroup
Engineer Squad
Construct Barracks
Riflemen Squad
1⁄4-ton 4x4 Truck
M1 Mortar Team
Grenade Package
Riflemen Squad
Construct Weapon Support Center
Selects Assault Engineers
Riflemen Squad
Bazooka Squad
Mechanized Support Center
Selects M31 Recovery Vehicle
M1919 Machine Gun Team
Assault Engineer Squad
Selects War Machine
M3 Armored Personnel Carrier
Selects Fast Deploy
Bazooka Squad
M3 Armored Personnel Carrier
Assault Engineer Squad
Assault Engineer Squad
Designate Forward Repair Station
Construct Tank Depot
Selects Seek and Destroy
Selects M8 Scott SPG
Selects UNKNOWN (2160077)
M4A3E8 Sherman Easy Eight
M4A1 76mm Conversion
Salvage Crew
Designate Forward Repair Station
Improvised Armor
M1919 Machine Gun Team
Riflemen Squad
M18 Hellcat Tank Destroyer
M3 Armored Personnel Carrier
Jin Ryang
Doping Dolphin
100% OJ addict
용감한녀석
Elko8001
霸气登场
=RUN=TWOMAn
J
0
0
Comments
sign in to comment!
No comments posted yet!